 Dungeon Crawl Stone Soup version 0.18.1-6-gd335043 (webtiles) character file.

95 Moloch the Ruffian (level 4, -1/35 HPs)
             Began as a Demonspawn Fighter on May 19, 2016.
             Slain by ThereIsNoGod's ghost (9 damage)
             ... on level 3 of the Dungeon.
             The game lasted 00:03:22 (2375 turns).

Moloch the Ruffian (Demonspawn Fighter)             Turns: 2375, Time: 00:03:23

Health: -1/35      AC: 14    Str: 19    XL:     4   Next: 40%
Magic:  4/4        EV:  6    Int: 10    God:
Gold:   126        SH:  9    Dex: 13    Spells: 0 memorised, 3 levels left

rFire  . . .     SeeInvis .       - Unarmed
rCold  . . .     Gourm    .     a - +0 scale mail
rNeg   . . .     Faith    .     b - +0 shield
rPois  .         Spirit   .     v - +0 helmet
rElec  .         Dismiss  .     u - +1 cloak
rCorr  .         Reflect  .     h - +0 pair of gloves (curse)
SustAt .         Harm     .     (no boots)
MR     +....                    (no amulet)
Stlth  ..........               y - +3 ring of strength
                                e - ring of protection from magic

@: somewhat resistant to hostile enchantments, extremely unstealthy
A: molten scales 2, powered by pain 1
a: no special abilities


You were on level 3 of the Dungeon.
You were not hungry.

You visited 1 branch of the dungeon, and saw 3 of its levels.

You collected 126 gold pieces.

Inventory:

Missiles
 q - 6 javelins (quivered)
Armour
 a - a +0 scale mail (worn)
 b - a +0 shield (worn)
 h - a cursed +0 pair of gloves (worn)
 u - a +1 cloak (worn)
 v - a +0 helmet (worn)
Jewellery
 e - a ring of protection from magic (left hand)
 y - a +3 ring of strength (right hand)
Scrolls
 i - a scroll of blinking {unknown}
 n - 3 scrolls of remove curse {unknown}
 p - 2 scrolls of teleportation {unknown}
 r - a scroll of fog {unknown}
 w - a scroll of identify {unknown}
Potions
 c - a potion of might
 g - a potion of haste {unknown}
 j - 2 potions of agility {unknown}
 k - a potion of mutation {unknown}
 l - a potion of degeneration {unknown}
 o - a potion of brilliance {unknown}
 s - a potion of cure mutation {unknown}
 t - a potion of flight {unknown}
 x - a potion of curing {unknown}
Books
 m - a book of Party Tricks

   Spells                             Type                      Level
   a - Summon Butterflies             Summoning                    1
   b - Apportation                    Translocation                1
   c - Tukima's Dance                 Hexes                        3
   d - Alistair's Intoxication        Transmutation/Poison         5
   e - Invisibility                   Hexes                        6
Comestibles
 d - 3 bread rations
 f - a meat ration


   Skills:
 - Level 3.0 Fighting
 - Level 2.6 Armour
 - Level 2.6 Shields
 + Level 4.2 Unarmed Combat


You had 3 spell levels left.
You didn't know any spells.

Dungeon Overview and Level Annotations

Branches:
Dungeon (3/15)

Altars:
Ashenzari

Annotations:
D:3 ThereIsNoGod's ghost, amateur DsGl


Innate Abilities, Weirdness & Mutations

You are mostly covered in molten scales (AC +3, EV -1).
You sometimes gain a little power by taking damage.


Message History

You are too injured to fight recklessly!
You are too injured to fight recklessly!
You are too injured to fight recklessly!
You are too injured to fight recklessly!
You are too injured to fight recklessly!
You are too injured to fight recklessly!
You are too injured to fight recklessly!
You are too injured to fight recklessly!
You are too injured to fight recklessly!
You hit ThereIsNoGod's ghost.
ThereIsNoGod's ghost is heavily damaged.
ThereIsNoGod's ghost hits you.
* * * LOW HITPOINT WARNING * * *
You hit ThereIsNoGod's ghost.
ThereIsNoGod's ghost is severely damaged.
You block ThereIsNoGod's ghost's attack.
You hit ThereIsNoGod's ghost.
ThereIsNoGod's ghost is severely damaged.
ThereIsNoGod's ghost hits you!
You die...

####### .......
.......#######################
......>'....W@(..(............
.......#######################
.$..... ##....#### ######.
#........# #. #..$.....# ..
#........## # #. ###.....W....
.# #' ##....[########.#####
.........r.W........(.


You could see ThereIsNoGod's ghost.

Vanquished Creatures
  2 gnolls
  2 adders
  An ooze (D:1)
  A worm (D:3)
  2 dart slugs
  8 bats
  5 hobgoblins (D:1)
  4 jackals (D:2)
  2 quokkas
  5 giant newts
  6 goblins
  6 kobolds
  8 rats
52 creatures vanquished.

Notes
Turn   | Place    | Note
--------------------------------------------------------------
     0 | D:1      | Moloch the Demonspawn Fighter began the quest for the Orb.
     0 | D:1      | Reached XP level 1. HP: 18/18 MP: 1/1
    99 | D:1      | Reached skill level 2 in Unarmed Combat
   134 | D:1      | Gained mutation: You sometimes gain a little power by taking damage. [demonic ancestry]
   134 | D:1      | Reached XP level 2. HP: 22/24 MP: 2/2
   357 | D:1      | Reached skill level 3 in Unarmed Combat
   582 | D:1      | Gained mutation: You are partially covered in molten scales (AC +1). [demonic ancestry]
   582 | D:1      | Reached XP level 3. HP: 29/29 MP: 3/3
   995 | D:2      | Gained mutation: You are mostly covered in molten scales (AC +3, EV -1). [demonic ancestry]
   995 | D:2      | Reached XP level 4. HP: 26/35 MP: 4/4
  1020 | D:2      | Found a shattered altar of Ashenzari.
  1033 | D:2      | Reached skill level 4 in Unarmed Combat
  1865 | D:3      | Noticed ThereIsNoGod's ghost (amateur DsGl)
  2375 | D:3      | Slain by ThereIsNoGod's ghost

Skill      XL: |  1  2  3  4 |
---------------+-------------+-----
Unarmed Combat | 2 3 4 |  4.2
Fighting       | |  3.0
Armour         | |  2.6
Shields        | |  2.6

Action                   |  1- 3 |  4- 6 || total
-------------------------+-------+-------++-------
Melee: Unarmed           |   159 |   108 ||   267
  Eat: Chunk             |     1 |     4 ||     5
Armor: Scale mail        |    81 |    50 ||   131
Dodge: Dodged            |    31 |    20 ||    51
Block: Shield            |    66 |    40 ||   106
